 Dungeon Crawl Stone Soup version 0.30-a0-639-g3916f1956a (webtiles) character file.

Game seed: 9221260942859063599

4035 browni3141 the Unseen (level 10, 0/51 (53) HPs)
             Began as a Kobold Brigand on Jan 15, 2023.
             Was a Believer of Wu Jian.
             Slain by a hornet (14 damage)
             ... while paralysed by a hornet
             ... on level 7 of the Dungeon.
             The game lasted 00:14:53 (8948 turns).

browni3141 the Unseen (Kobold Brigand)              Turns: 8948, Time: 00:14:54

HP:   0/51 (53)     AC:  7    Str:  8    XL:     10   Next: 48%
MP:   10/10         EV:  3    Int: 14    God:    Wu Jian [**....]
Gold: 287           SH:  0    Dex: 20    Spells: 9/9 levels left

rFire   + . .      SeeInvis .    a - +4 short sword
rCold   + . .      Faith    .    K - +0 buckler
rNeg    . . .      Spirit   .    I - +0 troll leather armour {Pargi}
rPois   .          Reflect  .    (no helmet)
rElec   .          Harm     .    m - scarf {rC+ rF+}
rCorr   .          Rampage  .    (no gloves)
Will    .....                    w - +2 pair of boots
Stlth   +++++++                  (no amulet)
HPRegen 1.08/turn                (no ring)
MPRegen 0.12/turn                (no ring)

@: paralysed, lethally poisoned (0 -> -4), slowed, lightly drained
A: small, no large weapons, nightstalker 3
a: Renounce Religion, Wall Jump


You were on level 7 of the Dungeon.
You worshipped Wu Jian.
Wu Jian was pleased with you.
You visited 2 branches of the dungeon, and saw 8 of its levels.
You also visited: Sewer.

You collected 392 gold pieces.
You spent 105 gold pieces at shops.

Inventory:

Hand Weapons
 a - a +4 short sword (weapon)
 b - a +2 dagger of venom
 h - a +2 dagger
Missiles
 d - 20 poisoned darts (quivered)
 e - a curare-tipped dart
 J - 2 throwing nets
Armour
 c - a +0 cloak
 m - a scarf of resistance (worn)
 w - a +2 pair of boots (worn)
 A - a +1 robe of willpower
 C - a +0 robe
 I - a +0 troll leather armour (worn) {Pargi}
 K - a +0 buckler (worn)
 M - +0 steam dragon scales
Jewellery
 E - a ring of positive energy
 N - a ring of resist corrosion
Wands
 y - a wand of iceblast (13)
Scrolls
 f - 2 scrolls of immolation {unknown}
 i - 2 scrolls of fear {unknown}
 j - 2 scrolls of enchant armour {unknown}
 o - 2 scrolls of noise {unknown}
 p - 3 scrolls of identify {unknown}
 q - 4 scrolls of teleportation
 r - 2 scrolls of fog {unknown}
 s - 2 scrolls of brand weapon {unknown}
 u - 2 scrolls of torment {unknown}
 x - 3 scrolls of poison {unknown}
 D - a scroll of magic mapping {unknown}
 L - a scroll of blinking {unknown}
Potions
 g - 6 potions of curing
 k - 3 potions of might {unknown}
 l - a potion of cancellation {unknown}
 n - a potion of lignification {unknown}
 t - 4 potions of resistance {unknown}
 v - a potion of attraction {unknown}
 z - 2 potions of heal wounds
 B - 3 potions of haste {unknown}
 F - a potion of brilliance {unknown}
 G - 2 potions of mutation {unknown}
 H - a potion of invisibility {unknown}


   Skills:
 - Level 2.1 Fighting
 * Level 8.7 Short Blades
 - Level 2.1 Throwing
 - Level 6.0 Dodging
 - Level 15.0 Stealth
 - Level 4.0 Shields
 - Level 5.0 Evocations


You had 9 spell levels left.
You didn't know any spells.
Your spell library contained the following spells:

 Spells                   Type           Power      Damage    Failure   Level
 Necrotise                Necr           0%         1d4       52%         1
 Kindle Blastsparks       Fire/Tloc/Air  0%         2d10      88%         3
 Ozocubu's Armour         Ice            0%         N/A       88%         3
 Vampiric Draining        Necr           0%         2d6       88%         3
 Fulminant Prism          Conj/Hex       0%         3d5       99%         4
 Iskenderun's Mystic Bla  Conj/Tloc      0%         2d3       99%         4
 Agony                    Necr           0%         N/A       100%        5
 Lee's Rapid Deconstruct  Erth           0%         3d4*      100%        5
 Ozocubu's Refrigeration  Ice            0%         4d7       100%        7
 Borgnjor's Revivificati  Necr           0%         N/A       100%        8
 Necromutation            Tmut/Necr      0%         N/A       100%        8
 Death's Door             Necr           0%         N/A       100%        9


Dungeon Overview and Level Annotations

Branches:
Dungeon (7/15)             Temple (1/1) D:4           Sewer (visited)

Altars:
Ashenzari
Cheibriados
Dithmenos
Elyvilon
Fedhas
Gozag
Hepliaklqana
Kikubaaqudgha
Nemelex Xobeh
Qazlal
Ru
Sif Muna
Trog
Uskayaw
Vehumet
Wu Jian
Xom
Yredelemnul
Zin
The Shining One

Shops:
D:2 *=   D:6 !   D:7 ?

Annotations:
D:7 exclusions: electric eel and lava snake


Innate Abilities, Weirdness & Mutations

You are small and have problems with some larger weapons.
You are completely attuned to the shadows.


Message History

The wight misses you. The wight attacks as you move away!
The wight barely misses you. The wight closely misses you.
You lunge at the wight, in a flurry of attacks.
You hit the wight but do no damage.
The wight is almost destroyed.
You completely miss the wight.
The wight is almost destroyed.
The wight barely misses you. The wight attacks as you move away!
The wight closely misses you. The wight misses you.
You lunge at the wight.
You hit the wight but do no damage.
The wight is almost destroyed.
The wight hits you with a +0 halberd.
You feel drained. The wight attacks as you move away!
The wight barely misses you. You block the wight's attack.
You lunge at the wight, in a flurry of attacks.
You puncture the wight!
You destroy the wight!
The Council accepts your kill. The hornet completely misses you.
You throw a poisoned dart.
The poisoned dart barely misses the hornet.
The poisoned dart hits the acid dragon.
The hornet misses you.
You throw a poisoned dart. The poisoned dart hits the hornet.
The hornet is poisoned.
The hornet stings you!
You are poisoned.
You feel yourself slow down.
You hit the hornet.
The hornet is moderately wounded.
You feel sick. The hornet stings you!
You suddenly lose the ability to move!
The hornet stings you.
You are more poisoned.
You feel as though you will be slow longer.
You feel very sick. The hornet stings you.
You feel as though you will be slow longer.
You feel very sick. The hornet stings you!
You die...

.....# #.♣♣.♣♣♣♣)♣.♣.♣.##'##
.....##D D#♣.♣.♣ ♣.♣.♣♣.♣##...
.....##. .#♣♣..♣ ♣♣)..♣♣♣♣#'...
.....##.###.#######♣.♣########...
.....# #.(.##...........)...##...
.....###..O##D♣♣♣♣♣..)♣♣♣♣♣.#..#.
.....##..D.5..♣ ♣.♣.♣ ♣.####.
.....'##.5.##O♣♣♣♣♣...♣♣♣♣♣.# #..
.....###...##5Dy@...........# #..
.....##.###.#######♣.♣####### #..
####'## .#♣)..♣♣)..♣♣...♣# #..
.....# .#.♣♣♣).♣♣♣..♣♣♣.# #..
.....# #.♣ ♣..♣ ♣..♣ ♣.# #..
.....# #.♣♣♣..♣♣♣..♣♣♣.# #.#
.....########♣...♣♣...♣♣...♣# #.#
.....#.....#########.##########.#
.....#.....................)....#


You could see a hornet (poisoned), an acid dragon, an ogre and a white imp.

Vanquished Creatures
  Pikel (D:4)
  An ugly thing (D:7)
  A cyclops (D:7)
  A wyvern (D:7)
  3 steam dragons (D:7)
  2 sky beasts
  An orc warrior (D:7)
  Pargi (Sewer)
  An ice beast (D:7)
  A black bear (D:4)
  3 lemures (D:3)
  2 kobold brigands (D:7)
  A bullfrog (D:7)
  4 scorpions
  4 wights (D:7)
  3 killer bees (D:7)
  2 howler monkeys (D:6)
  A hound (D:6)
  A quasit (D:5)
  A gnoll bouda (D:4)
  5 orc priests
  Ijyb (D:3)
  3 iguanas
  6 orc wizards
  12 adders
  6 gnolls
  2 shadow imps
  5 white imps
  An ufetubus (D:5)
  2 worms
  3 dart slugs
  44 orcs
  10 ball pythons
  6 bats
  8 endoplasms
  6 giant cockroaches
  5 goblins
  4 hobgoblins
  6 jackals
  11 kobolds
  2 quokkas (D:2)
  12 frilled lizards
  4 rats (D:3)
199 creatures vanquished.

Vanquished Creatures (others)
  3 demonic plants (D:5)
  25 plants
28 creatures vanquished.

Grand Total: 227 creatures vanquished

Notes
Turn   | Place    | Note
-------+----------+-------------------------------------------
     0 | D:1      | browni3141 the Kobold Brigand began the quest for the Orb.
     0 | D:1      | Reached XP level 1. HP: 12/12 MP: 1/1
   131 | D:1      | Found a faded altar of an unknown god.
   169 | D:1      | Reached XP level 2. HP: 17/17 MP: 2/2
   644 | D:1      | Reached XP level 3. HP: 21/21 MP: 3/3
  1454 | D:2      | Reached XP level 4. HP: 26/26 MP: 4/4
  1607 | D:2      | Found Ecvafuheub's One-of-a-Kind Rings.
  1737 | D:2      | Found Zeis's General Store.
  1807 | D:2      | Bought a scroll of teleportation for 33 gold pieces
  2291 | D:3      | Reached XP level 5. HP: 30/30 MP: 5/5
  2462 | D:3      | Reached skill level 5 in Short Blades
  2677 | D:3      | Found a sacrificial altar of Ru.
  3161 | D:3      | Found a snail-covered altar of Cheibriados.
  3359 | D:4      | Noticed Ijyb
  3493 | D:3      | Reached XP level 6. HP: 35/35 MP: 6/6
  3857 | D:3      | Killed Ijyb
  3858 | D:3      | Reached skill level 6 in Stealth
  4054 | D:3      | Found a sacrificial altar of Ru.
  4344 | D:3      | Found a snail-covered altar of Cheibriados.
  4581 | D:4      | Noticed Pikel
  5086 | D:4      | Found a white marble altar of Elyvilon.
  5153 | D:4      | Found a staircase to the Ecumenical Temple.
  5166 | Temple   | Entered the Ecumenical Temple
  5478 | D:4      | Noticed a black bear
  5482 | D:4      | Killed a black bear
  5483 | D:4      | Reached skill level 5 in Dodging
  5483 | D:4      | Reached skill level 7 in Stealth
  5483 | D:4      | Reached XP level 7. HP: 40/40 MP: 7/7
  5659 | D:4      | Killed Pikel
  5660 | D:4      | Reached skill level 10 in Stealth
  5660 | D:4      | Reached skill level 1 in Evocations
  5660 | D:4      | Reached XP level 8. HP: 16/44 MP: 8/8
  5808 | D:5      | Entered Level 5 of the Dungeon
  6026 | D:5      | Found an ancient bone altar of Kikubaaqudgha.
  6169 | D:5      | Found a blossoming altar of Fedhas.
  6171 | D:5      | Found an ornate altar of the Wu Jian Council.
  6178 | D:5      | Found a shimmering blue altar of Sif Muna.
  6182 | D:5      | Became a worshipper of the Wu Jian Council
  6733 | D:5      | Found a hazy altar of Hepliaklqana.
  6866 | D:6      | Found a glowing drain.
  6917 | Sewer    | Entered a sewer
  7000 | Sewer    | Noticed Pargi
  7004 | Sewer    | Killed Pargi
  7005 | Sewer    | Reached skill level 5 in Evocations
  7311 | D:6      | Reached skill level 11 in Stealth
  7311 | D:6      | Reached XP level 9. HP: 48/48 MP: 9/9
  7350 | D:6      | Found Hownyenke's Distillery.
  7359 | D:6      | Bought a potion of degeneration for 12 gold pieces
  7359 | D:6      | Bought a potion of heal wounds for 60 gold pieces
  7457 | D:6      | Found a bloodstained altar of Trog.
  7464 | D:6      | Reached * piety under Wu Jian
  7476 | D:6      | Reached skill level 12 in Stealth
  7947 | D:7      | Reached skill level 1 in Shields
  8206 | D:7      | Reached skill level 13 in Stealth
  8320 | D:7      | Found The Oracle's Delphic Readings.
  8635 | D:7      | Reached ** piety under Wu Jian
  8636 | D:7      | Reached XP level 10. HP: 53/53 MP: 10/10
  8686 | D:7      | Reached skill level 14 in Stealth
  8860 | D:7      | Noticed a cyan ugly thing
  8860 | D:7      | Noticed a cyclops
  8862 | D:7      | Killed a cyclops
  8863 | D:7      | Reached skill level 15 in Stealth
  8864 | D:7      | Killed a cyan ugly thing
  8946 | D:7      | Paralysed by a hornet for 2 turns
  8948 | D:7      | Slain by a hornet

Illustrated notes

Levels and vault maps discovered:
D:1:      giann_horns, layout_basic, basic_ecumenical_altar, minmay_lizard_king
D:2:      layout_basic, serial_shops, shop, nicolae_shop_unique_rings,
          serial_bayou_lagoon_a, nicolae_underground_beach
D:3:      layout_loops_ring, nicolae_ru_awakened_eye, lemuel_round_altar,
          nicolae_concentric_dashed_squares_mild, corexii_hall_statues_i,
          hangedman_decor_diamond_cutter, hangedman_decor_riveting
D:4:      layout_cave_pools, elyvilon_altar_1, temple_green,
          minmay_misc_feat_alley, due_unseen_surprise, uniq_ijyb, uniq_pikel
D:5:      layout_loops_ring, grunt_temple_overflow_open, marbit_many_paths,
          mainiacjoe_overflow_alcove_2, serial_demonic, serial_demonic_c,
          serial_demonic_g, serial_demonic_a, serial_demonic_g
D:6:      layout_rooms, mainiacjoe_overflow_paths, gup_sewer_entry_glass,
          serial_shops, nicolae_shop_advertising_works
          [nicolae_subvault_shop_adworks]
D:7:      nzn_winding_woodlands_three_and_one
          [nzn_winding_woodlands_5x15_zeroes,
          nzn_winding_woodlands_5x15_concentric,
          nzn_winding_woodlands_5x15_jagged,
          nzn_winding_woodlands_center_pierced_h], layout_gridville,
          nicolae_lava_and_water, nicolae_nh_oracle_at_delphi
Temple:   hellmonk_temple_of_storms

Skill      XL: |  1  2  3  4  5  6  7  8  9 10 |
---------------+-------------------------------+-----
Dodging        | 2 3 4 5 6 |  6.0
Short Blades   | 3 4 6 8 |  8.7
Stealth        | 7 10 11 13 15 | 15.0
Evocations     | 1 5 |  5.0
Shields        | 3 4 |  4.0
Fighting       | |  2.1
Throwing       | |  2.1

Action                   |  1- 3 |  4- 6 |  7- 9 | 10-12 || total
-------------------------+-------+-------+-------+-------++-------
Melee: Dagger            |    33 |       |     4 |       ||    37
       Short sword       |    42 |   194 |   303 |    56 ||   595
       Punch             |       |     2 |     1 |       ||     3
Throw: Dart              |       |    16 |    23 |     4 ||    43
Invok: Lunge             |       |       |    21 |     8 ||    29
       Whirlwind         |       |       |     8 |       ||     8
 Abil: Wall Jump         |       |       |       |     2 ||     2
Evoke: Wand              |       |       |     6 |       ||     6
  Use: Scroll            |       |       |       |     1 ||     1
 Stab: Sleeping          |    15 |    22 |    25 |     5 ||    67
       Distracted        |       |     2 |     2 |     1 ||     5
Armor: Robe              |     8 |    13 |    11 |       ||    32
       Troll leather arm |       |       |    29 |     5 ||    34
Dodge: Dodged            |    54 |   130 |   178 |    30 ||   392
Block: Buckler           |       |       |    27 |    10 ||    37

Table legend: (Time is in decaauts)
 A = Elapsed time spent in this place.
 B = Non-inter-level travel time spent in this place.
 C = Inter-level travel time spent in this place.
 D = Time resting spent in this place.
 E = Time spent auto-exploring this place.
 F = Levels seen in this place.
 G = Mean time per level.
                   A        B        C        D        E       F      G
               +--------+--------+--------+--------+--------+-----+--------+
         Total |   8877 |   8601 |    276 |    474 |   6513 |   9 |  986.3 |
       Dungeon |   8499 |   8227 |    272 |    474 |   6306 |   7 | 1214.1 |
        Temple |     48 |     44 |      4 |      0 |     34 |   1 |   48.0 |
         Sewer |    328 |    328 |      0 |      0 |    172 |   1 |  328.0 |
               +--------+--------+--------+--------+--------+-----+--------+

Top non-repeatable levels by time:
     D:3: 2572 daAuts
     D:1: 1251 daAuts
     D:7: 1179 daAuts
     D:5: 1036 daAuts
     D:2: 1006 daAuts
     D:4: 874 daAuts
     D:6: 578 daAuts
   Sewer: 328 daAuts
  Temple: 48 daAuts
